Map: Terrasses de Prion

Players

pupu - Winner!

  • Race: Protoss Protoss
  • League: Silver

KillaCraft

  • Race: Terran Terran
  • League: Silver

VOD

Have the link to the VOD?

Description

Time

  • Played on: April 2, 2016, 3:02 p.m.
  • Length: 10:29
Show
View Real Time Build Order
Export as new Build Order

pupu Protoss - Winner!

Build Orders: Oracle Opening 

Get SALT Encoding   

  12  0:01  Probe (Chrono Boost)  
  13  0:11  Probe (Chrono Boost)  
  14  0:19  Pylon  
  14  0:22  Probe (Chrono Boost)  
  15  0:37  Probe (Chrono Boost)  
  15  0:39  Gateway  
  16  0:48  Probe (Chrono Boost), Assimilator  
  17  0:53  Assimilator  
  17  0:58  Probe (Chrono Boost)  
  18  1:09  Probe (Chrono Boost)  
  19  1:15  Pylon  
  19  1:19  Probe (Chrono Boost)  
  20  1:30  Cybernetics Core  
  20  1:31  Probe (Chrono Boost)  
  21  1:41  Probe (Chrono Boost)  
  22  1:52  Probe (Chrono Boost)  
  23  2:02  Probe (Chrono Boost)  
  23  2:05  Gateway  
  23  2:07  Stargate  
  24  2:08  Warp Gate (Chrono Boost)  
  24  2:12  Stalker  
  28  2:22  Mothership Core  
  28  2:30  Pylon  
  28  2:35  Gateway  
  28  2:41  Pylon  
  28  2:44  Probe  
  29  2:53  Oracle (Chrono Boost)  
  29  2:56  Probe  
  33  3:01  Adept  
  35  3:06  Adept  
  35  3:11  Probe  
  38  3:28  Oracle (Chrono Boost)  
  38  3:31  Probe  
  42  3:47  Pylon  
  42  3:58  Nexus  
  42  4:05  Void Ray (Chrono Boost)  
  46  4:14  Probe  
  47  4:26  Probe  
  45  4:38  Probe  
  43  4:48  Void Ray (Chrono Boost)  
  43  4:50  Probe  
  48  4:53  Robotics Facility  
  48  4:55  Gateway  
  48  5:02  Probe  
  48  5:03  Pylon  
  49  5:11  Probe  
  49  5:12  Forge  
  50  5:15  Probe  
  51  5:22  Probe  
  51  5:27  Probe, Adept x2  
  57  5:30  Sentry  
  57  5:32  Probe  
  60  5:51  Adept  
  60  5:52  Adept  
  60  5:54  Protoss Ground Weapons Level 1 (Chrono Boost)  
  64  6:00  Immortal  
  68  6:07  Probe x2  
  70  6:12  Assimilator  
  70  6:15  Assimilator  
  70  6:18  Pylon  
  70  6:19  Probe x2  
  70  6:21  Pylon  
  70  6:24  Pylon  
  70  6:25  Void Ray, Pylon  
  72  6:29  Pylon  
  72  6:31  Probe  
  72  6:32  Probe  
  78  6:44  Probe x2  
  80  6:54  Pylon  
  80  6:57  Probe, Nexus  
  80  6:58  Probe  
  80  6:59  Pylon  
  80  7:00  Pylon  
  82  7:06  Adept  
  82  7:07  Adept x2  
  88  7:09  Probe  
  88  7:15  Immortal  
  92  7:35  Stalker x3  
  91  7:54  Immortal  
  91  7:56  Gateway  
  91  7:57  Stalker  
  97  7:59  Stalker x3  
  103  8:07  Probe x2  
  103  8:09  Void Ray  
  105  8:16  Probe  
  105  8:19  Probe  
  111  8:25  Sentry  
  111  8:26  Sentry x3  
  91  9:38  Stalker x3  
  91  9:39  Stalker  
  91  9:43  Probe  
  91  9:44  Probe x2, Pylon  
  102  9:54  Probe, Assimilator  
  102  9:56  Probe x2  
  102  9:57  Assimilator  
  102  9:58  Stalker  
  107  10:04  Probe  
  108  10:08  Probe  
Show
View Real Time Build Order
Export as new Build Order

KillaCraft Terran 

Build Orders:  

Get SALT Encoding   

  12  0:02  SCV  
  13  0:14  SCV  
  14  0:27  SCV  
  15  0:33  Supply Depot  
  15  0:34  Refinery  
  15  0:48  Supply Depot  
  15  0:55  SCV  
  15  0:56  Barracks  
  16  1:07  SCV  
  17  1:11  Barracks  
  17  1:19  SCV  
  18  1:31  SCV  
  19  1:32  Refinery  
  19  1:43  SCV  
  19  1:44  Reaper  
  21  1:55  SCV  
  21  1:58  Reaper  
  23  2:08  SCV  
  24  2:20  SCV  
  25  2:30  Supply Depot  
  25  2:34  Factory  
  25  2:38  Barracks Reactor  
  25  2:40  Orbital Command  
  25  2:47  Barracks Tech Lab  
  25  2:50  Engineering Bay  
  25  3:10  Marauder  
  27  3:13  SCV  
  27  3:18  Stimpack  
  27  3:19  Factory Reactor  
  28  3:20  Factory Tech Lab  
  28  3:25  Starport  
  28  3:31  Marine  
  29  3:37  Missile Turret  
  28  3:49  Marine  
  28  3:53  Siege Tank  
  31  3:56  Marine x2  
  31  3:58  SCV  
  31  4:01  Missile Turret  
  34  4:03  Starport Reactor  
  34  4:07  Marauder  
  36  4:12  Barracks  
  35  4:25  Command Center  
  26  4:39  Marine  
  27  4:53  SCV  
  28  5:05  Barracks Tech Lab, SCV  
  29  5:07  Missile Turret  
  29  5:12  Hi-Sec Auto Tracking  
  29  5:18  SCV  
  29  5:19  Missile Turret  
  30  5:30  SCV  
  31  5:40  Liberator  
  31  5:42  SCV  
  32  5:50  Supply Depot  
  33  6:00  SCV  
  36  6:17  Ghost Academy  
  36  6:18  SCV  
  37  6:30  SCV  
  37  6:31  Orbital Command  
  38  6:34  Bunker  
  38  6:42  SCV  
  38  6:43  Medivac  
  41  6:48  Terran Infantry Weapons Level 1  
  41  6:54  SCV  
  41  6:57  SCV  
  43  7:06  Bunker, SCV  
  44  7:09  SCV  
  44  7:12  Supply Depot  
  44  7:14  Marine x2  
  44  7:15  Marauder  
  49  7:18  SCV  
  49  7:21  SCV  
  51  7:28  Marine  
  52  7:30  SCV  
  52  7:32  Marine x2  
  52  7:33  SCV  
  52  7:36  Supply Depot, Marauder  
  58  7:42  SCV  
  59  7:45  Viking x2, SCV  
  59  7:47  Marauder  
  63  7:55  SCV  
  63  7:57  SCV  
  63  7:58  Marauder  
  67  7:59  Starport  
  67  8:00  Refinery  
  67  8:01  Refinery  
  67  8:07  SCV  
  67  8:09  SCV  
  67  8:12  Missile Turret  
  69  8:13  Missile Turret  
  69  8:14  Missile Turret  
  69  8:19  SCV  
  70  8:21  Marine, SCV  
  70  8:22  Marauder, Marine  
  70  8:23  Missile Turret  
  75  8:31  SCV  
  75  8:33  SCV  
  72  8:55  Marine  
  58  8:56  Marine x3  
  53  9:13  Marine  
  53  9:14  Marauder, Marine x2, Liberator  
  43  9:24  Cyclone  
  47  9:33  Marine  
  47  9:35  Marine  
  47  9:42  Marauder  
Tags
 
Add a new tag
Caveats
  • Supply blocks, unpowered buildings, or Contaminate may cause inaccurate times.
  • Supply counts are checked every 10 seconds.